 Dungeon Crawl Stone Soup version 0.26.1-11-gd32895ea62 (webtiles) character file.

Game seed: 9451511731659481051

134 Zeld the Cudgeller (level 4, -1/34 (38) HPs)
             Began as a Draconian Gladiator on June 14, 2021.
             Slain by an orc
             ... wielding a +0 dagger
              (5 damage)
             ... on level 7 of the Dungeon.
             The game lasted 00:03:36 (3586 turns).

Zeld the Cudgeller (Draconian Gladiator)            Turns: 3586, Time: 00:03:37

HP:   -1/34 (38)    AC:  5    Str: 17    XL:     4   Next: 95%
MP:   4/4           EV: 13    Int:  8    God:
Gold: 164           SH:  0    Dex: 13    Spells: 3/3 levels left

rFire    . . .     SeeInvis .   a - +0 morningstar
rCold    . . .     Faith    .   (no shield)
rNeg     . . .     Spirit   .   (armour unavailable)
rPois    .         Reflect  .   b - +0 hat
rElec    .         Harm     .   (no cloak)
rCorr    .         Rampage  .   (no gloves)
Will     .....                  (no boots)
Stlth    +.........             (no amulet)
HPRegen  0.11/turn              (no ring)
MPRegen  0.09/turn              (no ring)

@: heavily drained
A: unfitting armour, cold-blooded, AC +5
a: no special abilities


You were on level 7 of the Dungeon.
You visited 1 branch of the dungeon, and saw 5 of its levels.

You collected 164 gold pieces.

Inventory:

Hand Weapons
 a - a +0 morningstar (weapon)
Missiles
 c - 3 throwing nets (quivered)
 d - 70 stones
Armour
 b - a +0 hat (worn)
Jewellery
 u - an uncursed ring of poison resistance {unknown}
Scrolls
 f - 4 scrolls of remove curse {unknown}
 h - 6 scrolls of identify {unknown}
 k - 3 scrolls of amnesia {unknown}
 l - 2 scrolls of fear {unknown}
 n - a scroll of teleportation {unknown}
 o - a scroll of immolation {unknown}
 s - a scroll of blinking {unknown}
Potions
 e - 2 potions of degeneration {unknown}
 g - 2 potions of mutation {unknown}
 i - a potion of heal wounds {unknown}
 j - 2 potions of flight {unknown}
 m - a potion of lignification {unknown}
 p - 2 potions of berserk rage {unknown}
 q - 3 potions of might {unknown}
 r - a potion of attraction {unknown}
 t - a potion of ambrosia {unknown}
 v - a potion of cancellation {unknown}


   Skills:
 + Level 3.0 Fighting
 * Level 4.1 Maces & Flails
 * Level 3.0 Throwing
 + Level 3.2 Dodging


You had 3 spell levels left.
You didn't know any spells.
Your spell library was empty.

Dungeon Overview and Level Annotations

Branches:
Dungeon (4/15)
 Temple: D:4-7

Altars:
Fedhas
Vehumet

Annotations:
D:7 1 runed translucent door


Innate Abilities, Weirdness & Mutations

Your plain brown scales are hard. (AC +5)
You cannot fit into any form of body armour.
You are cold-blooded and may be slowed by cold attacks.


Message History

You feel drained. The wight hits you with a +0 scimitar.
You feel drained.
You are too injured to fight recklessly!
You are too injured to fight recklessly!
You are too injured to fight recklessly!
You are too injured to fight recklessly!
Found 18 gold pieces.
Found 13 gold pieces. 2 orcs and an orc priest come into view.
The orc priest shouts!
The orc shouts! x2; You hear a shout!
An orc comes into view.
It is wielding a -3 dagger and wearing the cursed +0 ring mail of Pidghuixt {rF- Will+ Dex+8}.
The orc priest moves out of view.
The orc moves out of view.
An orc wizard comes into view. It is wielding a +0 dagger.
The orc wizard shouts!
The orc priest invokes the aid of Beogh against you.
Beogh smites you!
* * * LOW HITPOINT WARNING * * *
You see here 13 gold pieces.
Found 8 gold pieces.
The orc hits you with a +0 dagger.
You die...

###...#.##.....#
........########
.$..##..### ##
#..#.. # ##.#.#
<# #z#$# .#
#.#.# .. #.#.#.#
#$z@..# #.o####
##o#


#oo .... .o... ....... ........ You could see a wight, an orc priest, an orc
wizard and 2 orcs.

Vanquished Creatures
  A worker ant (D:4)
  4 adders
  3 worms
  2 leopard geckos
  4 orcs (D:3)
  A ball python (D:1)
  2 giant cockroaches (D:1)
  6 goblins
  7 hobgoblins
  2 quokkas
  11 bats
  6 frilled lizards
  4 kobolds
  10 rats
63 creatures vanquished.

Notes
Turn   | Place    | Note
-------+----------+-------------------------------------------
     0 | D:1      | Zeld the Draconian Gladiator began the quest for the Orb.
     0 | D:1      | Reached XP level 1. HP: 17/17 MP: 1/1
   222 | D:1      | Reached XP level 2. HP: 25/25 MP: 2/2
   753 | D:2      | Found a blossoming altar of Fedhas.
   834 | D:2      | Found a radiant altar of Vehumet.
   997 | D:2      | Reached XP level 3. HP: 30/30 MP: 3/3
  2773 | D:3      | Reached XP level 4. HP: 37/37 MP: 4/4
  3346 | D:4      | Reached skill level 4 in Maces & Flails
  3462 | D:4      | You fall into a shaft and drop 3 floors!
  3462 | D:7      | Found a runed translucent door.
  3463 | D:7      | Noticed a sixfirhy
  3582 | D:7      | Identified the cursed +0 ring mail of Pidghuixt {rF- Will+
                  | Dex+8}
  3586 | D:7      | Slain by an orc

Illustrated notes

Levels and vault maps discovered:
D:1:      amcnicky_arrival_blooded_trapdoor, layout_basic
D:2:      layout_loops_ring, nicolae_overflow_crystal_walls,
          overflow_temple_1_default
D:3:      layout_basic, grunt_ministairs_12
D:4:      layout_cave_pools, chequers_ossuary_entry_cave
D:7:      cheibrodos_shockbox, layout_basic, marbit_many_paths, tso_metal_star,
          minmay_temple_entry_hall, interstate_on_off

Skill      XL: |  1  2  3  4 |
---------------+-------------+-----
Throwing       | 2 3 |  3.0
Dodging        | 3 |  3.2
Fighting       | 3 |  3.0
Maces & Flails | 4 |  4.1

Action                   |  1- 3 |  4- 6 || total
-------------------------+-------+-------++-------
Melee: Flail             |   149 |       ||   149
       Tailslap          |    11 |     6 ||    17
       Morningstar       |     5 |    37 ||    42
 Stab: Sleeping          |     1 |       ||     1
Armor: Skin              |    57 |    17 ||    74
Dodge: Dodged            |   143 |    52 ||   195
